 Dungeon Crawl Stone Soup version 0.20-a0-2-g2b0e13a (webtiles) character file.

65 Kaname the Stinger (level 3, -3/24 HPs)
             Began as a Demonspawn Venom Mage on Oct 30, 2016.
             Slain by an adder (6 damage)
             ... on level 2 of the Dungeon.
             The game lasted 00:05:32 (2569 turns).

Kaname the Stinger (Demonspawn Venom Mage)          Turns: 2569, Time: 00:05:32

Health: -3/24      AC:  2    Str:  8    XL:     3   Next: 92%
Magic:  1/6        EV: 12    Int: 17    God:
Gold:   117        SH:  0    Dex: 13    Spells: 1 memorised, 5 levels left

rFire  . . .     SeeInvis .     r - +0 dagger (elec)
rCold  . . .     Gourm    .     a - +0 robe
rNeg   . . .     Faith    .     (no shield)
rPois  .         Spirit   .     (helmet restricted)
rElec  .         Reflect  .     (no cloak)
rCorr  .         Harm     +     (no gloves)
MR     .....                    (no boots)
Stlth  ++........               f - amulet of harm
                                (no ring)
                                (no ring)

@: lethally poisoned (-3 -> -6), very slightly contaminated
A: horns 1
a: no special abilities


You were on level 2 of the Dungeon.
You were hungry.

You visited 1 branch of the dungeon, and saw 3 of its levels.

You collected 117 gold pieces.

Inventory:

Hand Weapons
 r - a +0 dagger of electrocution (weapon)
Armour
 a - a +0 robe (worn)
Jewellery
 f - an amulet of harm (around neck)
Scrolls
 g - 2 scrolls of enchant weapon {unknown}
 j - a scroll of enchant armour
 k - 2 scrolls of fog {unknown}
 p - a scroll of blinking {unknown}
 q - a scroll of remove curse
Potions
 d - 2 potions of brilliance
 e - a potion of lignification {unknown}
 h - a potion of ambrosia {unknown}
 i - a potion of heal wounds {unknown}
 n - a potion of magic
 o - a potion of resistance {unknown}
Books
 b - a Young Poisoner's Handbook

   Spells                             Type                      Level
   a - Sting                          Conjuration/Poison           1
   b - Mephitic Cloud                 Conjuration/Poison/Air       3
   c - Olgreb's Toxic Radiance        Poison                       4
   d - Alistair's Intoxication        Transmutation/Poison         5
   e - Venom Bolt                     Conjuration/Poison           5
Comestibles
 c - a bread ration
 l - a meat ration
 m - a beef jerky


   Skills:
 - Level 1.7 Dodging
 - Level 1.7 Stealth
 - Level 2.0 Spellcasting
 + Level 3.6 Conjurations
 - Level 4.0 Poison Magic


You had 5 spell levels left.
You knew the following spells:

 Your Spells              Type           Power        Failure   Level  Hunger
a - Sting                 Conj/Pois      ##..         4%          1    #......


Dungeon Overview and Level Annotations

Branches:
Dungeon (3/15)

Altars:


Innate Abilities, Weirdness & Mutations

You have a pair of small horns on your head.


Message History

The adder barely misses you. The adder bites you.
You hit the adder but do no damage.
The adder is heavily wounded.
The adder closely misses you.
Casting: Sting
Confirm with . or Enter, or press ? or * to list all spells.
Aiming: Sting
Press: ? - help, Shift-Dir - straight line, f/p - adder
Aim: an adder (heavily wounded)
The sting hits the adder.
The adder is severely wounded.
The adder bites you.
You are poisoned.
The adder poisons you!
You closely miss the adder. Your headbutt misses the adder.
The adder is severely wounded.
You feel sick. The adder bites you.
* * * LOW HITPOINT WARNING * * *
The adder bites you.
You die...

§≈..≈§≈§≈≈###.)#.# #....#
≈≈.§§≈§§§## ##.#.# #....#
§§§§≈≈≈§## ###.#.# ########
§§..§§≈## #.....# #....#
##''#### #.....# #....# #..#
#.....# #....# #.## #...#.#
#....# #.# #...#S# #....# #.#
#[..#@# #....#
#.#########...######....#
#.......................#
##########..............######
#...................#
#...................#
#...................#
#(..................#
#...................#


You could see an adder.

Vanquished Creatures
  2 adders
  A worm (D:3)
  2 dart slugs
  2 leopard geckos
  An orc (D:3)
  A giant cockroach (D:2)
  6 goblins
  4 hobgoblins
  3 jackals (D:1)
  A ball python (D:2)
  3 bats (D:1)
  A frilled lizard (D:2)
  8 kobolds
35 creatures vanquished.

Notes
Turn   | Place    | Note
-------+----------+-------------------------------------------
     0 | D:1      | Kaname the Demonspawn Venom Mage began the quest for the Orb.
     0 | D:1      | Reached XP level 1. HP: 13/13 MP: 3/3
   295 | D:1      | Reached skill level 1 in Conjurations
   455 | D:1      | Gained mutation: You have a pair of small horns on your head. [demonic ancestry]
   455 | D:1      | Reached XP level 2. HP: 19/19 MP: 1/5
  1963 | D:2      | Reached XP level 3. HP: 21/24 MP: 6/6
  2569 | D:2      | Slain by an adder

Vault maps used:
D:1:      sevenhm_arrival_forest_fort_large_2, minivault_5, solitary_fountain
D:2:      kennysheep_big_flooded_room
D:3:      minmay_goblin_kobold_house, uniq_terence, uniq_crazy_yiuf_cottage,
          uniq_grinder

Skill      XL: |  1  2  3 |
---------------+----------+-----
Conjurations   | 1 2 3 |  3.6
Dodging        | |  1.7
Stealth        | |  1.7
Spellcasting   | |  2.0
Poison Magic   | |  4.0

Action                   || total
-------------------------++-------
Melee: Spear             ||    53
       Headbutt          ||     6
       Dagger            ||    24
 Cast: Sting             ||    30
  Use: Scroll            ||     5
 Stab: Sleeping          ||     5
       Distracted        ||     1
  Eat: Chunk             ||     5
Armor: Robe              ||     9
Dodge: Dodged            ||    44
